 Dungeon Crawl Stone Soup version 0.18.1-48-g4cf74bf (webtiles) character file.

162 Gargoyl the Skirmisher (level 5, -2/42 HPs)
             Began as a Demonspawn Abyssal Knight on Aug 12, 2016.
             Was a Believer of Lugonu.
             Slain by Drashi's ghost (17 damage)
             ... on level 3 of the Dungeon.
             The game lasted 00:06:07 (1928 turns).

Gargoyl the Skirmisher (Demonspawn Abyssal Knight)  Turns: 1928, Time: 00:06:08

Health: -2/42      AC:  7    Str: 13    XL:     5   Next: 19%
Magic:  6/6        EV:  6    Int: 14    God:    Lugonu [**....]
Gold:   200        SH: 11    Dex: 14    Spells: 0 memorised, 4 levels left

rFire  + . .     SeeInvis +     h - +2 war axe (elec)
rCold  x . .     Gourm    .     r - +0 ring mail
rNeg   . . .     Faith    .     m - +0 large shield
rPois  .         Spirit   .     (helmet restricted)
rElec  .         Dismiss  .     j - +0 cloak
rCorr  .         Reflect  .     (no gloves)
SustAt .         Harm     .     g - +0 pair of boots
MR     .....                    (no amulet)
Stlth  +.........               k - ring of see invisible
                                d - ring of fire

@: not resistant to hostile enchantments, very unstealthy
A: antennae 2, thin skeletal structure 1, powered by death 1
a: Depart the Abyss, Bend Space, Renounce Religion


You were on level 3 of the Dungeon.
You worshipped Lugonu.
Lugonu was pleased with you.
You were not hungry.

You visited 1 branch of the dungeon, and saw 3 of its levels.
You visited the Abyss 1 time.

You collected 200 gold pieces.

Inventory:

Hand Weapons
 h - a +2 war axe of electrocution (weapon)
 o - a +0 spear
Armour
 g - a +0 pair of boots (worn)
 j - a +0 cloak (worn)
 m - a +0 large shield (worn)
 r - a +0 ring mail (worn)
Jewellery
 d - a ring of fire (left hand)
 k - a ring of see invisible (right hand)
 n - an uncursed ring of ice
Scrolls
 a - a scroll of fear {unknown}
 b - a scroll of teleportation {unknown}
 e - a scroll of remove curse
 f - a scroll of identify
 p - a scroll of recharging {unknown}
 s - a scroll of amnesia {unknown}
 t - a scroll of enchant weapon {unknown}
Potions
 l - a potion of haste {unknown}
Comestibles
 c - 2 bread rations
 i - a meat ration
 q - a beef jerky


   Skills:
 + Level 4.0 Fighting
 + Level 2.5 Axes
 * Level 2.8 Armour
 + Level 1.9 Dodging
 + Level 1.3 Shields
 + Level 2.6 Invocations


You had 4 spell levels left.
You didn't know any spells.

Dungeon Overview and Level Annotations

Branches:
Dungeon (3/15)

Altars:

Annotations:
D:3 Drashi's ghost, amateur OgBe


Innate Abilities, Weirdness & Mutations

You have a pair of antennae on your head.
You have a somewhat thin skeletal structure (Dex +2, Stealth).
You regenerate a little health from kills.


Message History

Your shield prevents you from hitting the kobold.
You hit Drashi's ghost.
Drashi's ghost is heavily damaged.
You block Drashi's ghost's attack. The kobold hits you but does no damage.
Drashi's ghost hits you!
Unknown command.
Your shield prevents you from hitting the kobold.
You barely miss Drashi's ghost.
Drashi's ghost is heavily damaged.
You block the kobold's attack. You block Drashi's ghost's attack.
The kobold barely misses you. Drashi's ghost hits you!
* * * LOW HITPOINT WARNING * * *
Unknown command.
You hit the kobold.
You kill the kobold!
Lugonu accepts your kill.
Your shield prevents you from hitting Drashi's ghost.
Drashi's ghost is heavily damaged.
Drashi's ghost hits you!
You die...

#... #†### #..# ##.#
#..# ##..# #..# #..##
###..#####.##
##.....#.....##
##.(.†.).......##
#...)())((......#
#.)@W)).>.......#
#.......?.......#
......(...........#
..###...............#
##.............<..
##.....#.....#...
#..##########.. ..##


You could see Drashi's ghost.

Vanquished Creatures
  Crazy Yiuf (D:2)
  Robin (D:3)
  A gnoll (D:1)
  4 adders (D:2)
  An ooze (D:1)
  A worm (D:2)
  4 dart slugs
  A giant gecko (D:1)
  2 ball pythons (D:1)
  2 giant cockroaches (D:1)
  13 goblins
  9 hobgoblins
  2 jackals (D:3)
  6 bats
  14 kobolds
  3 rats
  2 fungi (D:2)
67 creatures vanquished.

Notes
Turn   | Place    | Note
--------------------------------------------------------------
     0 | Abyss:1  | Gargoyl the Demonspawn Abyssal Knight began the quest for the Orb.
     0 | Abyss:1  | Reached XP level 1. HP: 18/18 MP: 2/2
    98 | Abyss:3  | Noticed a sixfirhy
   101 | Abyss:3  | Noticed a thrashing horror
   101 | D:1      | Escaped the Abyss
   255 | D:1      | Reached skill level 1 in Dodging
   268 | D:1      | Gained mutation: You regenerate a little health from kills. [demonic ancestry]
   268 | D:1      | Reached XP level 2. HP: 22/24 MP: 3/3
   416 | D:1      | Reached * piety under Lugonu
   575 | D:1      | Gained mutation: You have a somewhat thin skeletal structure (Dex +2, Stealth). [demonic ancestry]
   575 | D:1      | Reached XP level 3. HP: 30/30 MP: 4/4
  1208 | D:2      | Gained mutation: You have a pair of small antennae on your head. [demonic ancestry]
  1208 | D:2      | Reached XP level 4. HP: 27/37 MP: 5/5
  1379 | D:2      | Reached ** piety under Lugonu
  1413 | D:2      | Reached skill level 1 in Shields
  1783 | D:2      | Noticed Crazy Yiuf
  1823 | D:2      | Killed Crazy Yiuf
  1907 | D:3      | Noticed Robin
  1911 | D:3      | Gained mutation: You have a pair of antennae on your head. [demonic ancestry]
  1911 | D:3      | Reached XP level 5. HP: 36/42 MP: 6/6
  1917 | D:3      | Noticed Drashi's ghost (amateur OgBe)
  1919 | D:3      | Killed Robin
  1919 | D:3      | Reached skill level 4 in Fighting
  1928 | D:3      | Slain by Drashi's ghost

Skill      XL: |  1  2  3  4  5 |
---------------+----------------+-----
Dodging        | 1 |  1.9
Axes           | 2 |  2.5
Armour         | 2 |  2.8
Shields        | 1 |  1.3
Fighting       | 4 |  4.0
Invocations    | |  2.6

Action                   |  1- 3 |  4- 6 || total
-------------------------+-------+-------++-------
Melee: War axe           |    77 |    65 ||   142
Invok: Depart the Abyss  |     1 |       ||     1
  Use: Scroll            |       |     2 ||     2
 Stab: Sleeping          |     1 |       ||     1
  Eat: Chunk             |     1 |     1 ||     2
       Fruit             |       |     4 ||     4
Armor: Leather armour    |    17 |       ||    17
       Ring mail         |     6 |    41 ||    47
Dodge: Dodged            |    24 |    22 ||    46
Block: Large shield      |    45 |    68 ||   113
